 Dungeon Crawl Stone Soup version 0.29.0-4-gdea44cf6ec (webtiles) character file.

Game seed: 4155104680896525431

247 qw the Chopper (level 6, 0/35 HPs)
             Began as a Tengu Warper on Aug 28, 2022.
             Slain by an orc wizard
             ... wielding a +0 dagger
              (3 damage)
             ... on level 4 of the Dungeon.
             The game lasted 00:00:18 (3741 turns).

qw the Chopper (Tengu Warper)                       Turns: 3741, Time: 00:00:19

Health: 0/35       AC:  6    Str: 13    XL:     6   Next: 11%
Magic:  10/10      EV: 12    Int: 14    God:
Gold:   230        SH:  4    Dex: 13    Spells: 9/9 levels left

rFire   . . .      SeeInvis .   Y - +0 hand axe
rCold   . . .      Faith    .   i - +0 buckler
rNeg    . . .      Spirit   .   d - +0 ring mail
rPois   .          Reflect  .   (helmet restricted)
rElec   .          Harm     .   m - +0 cloak
rCorr   .          Rampage  .   (no gloves)
Will    .....                   (boots unavailable)
Stlth   +.........              (no amulet)
HPRegen 0.11/turn               (no ring)
MPRegen 0.12/turn               (no ring)

@: flying quickly and evasively, quick
A: beak, talons 3, nimble flight
a: no special abilities


You were on level 4 of the Dungeon.
You visited 1 branch of the dungeon, and saw 4 of its levels.

You collected 230 gold pieces.


Innate Abilities, Weirdness & Mutations

You have a beak for a mouth.
You have claws for feet.
Your magical nature lets you fly swiftly and evasively.


   Skills:
 - Level 2.0 Fighting
 + Level 6.6 Axes
 - Level 1.0 Throwing
 - Level 1.1 Armour
 - Level 2.1 Dodging
 - Level 1.0 Shields
 - Level 2.0 Spellcasting
 - Level 2.4 Translocations


You had 9 spell levels left.
You didn't know any spells.
Your spell library contained the following spells:

 Spells                   Type           Power      Damage    Failure   Level
 Blink                    Tloc           16%        N/A       36%         2
 Gell's Gravitas          Tloc           8%         N/A       61%         3
 Lesser Beckoning         Tloc           8%         N/A       61%         3
 Teleport Other           Tloc           8%         N/A       61%         3
 Manifold Assault         Tloc           8%         N/A       100%        5

Inventory:

Hand Weapons
 a - a +0 morningstar
 Y - a +0 hand axe (weapon)
Armour
 d - a +0 ring mail (worn)
 i - a +0 buckler (worn)
 m - a +0 cloak (worn)
Potions
 b - a potion of mutation {unknown}
 c - a potion of heal wounds {unknown}
 g - a potion of cancellation {unknown}
 h - a potion of might {unknown}
 j - a potion of degeneration {unknown}
 k - a potion of attraction {unknown}
 l - a potion of haste {unknown}

Dungeon Overview and Level Annotations

Branches:
Dungeon (4/15)
 Temple: D:4-7

Altars:
Fedhas
Ru
Wu Jian
Zin


Message History

You kill the orc!
You miss something. Something hits you but does no damage.
You hit the orc. You claw the orc, but do no damage.
The orc is moderately wounded.
You miss something. The orc hits you but does no damage. Something hits you.
You hit the orc. Your peck misses the orc.
The orc is almost dead.
You miss something. Something hits you. The orc completely misses you.
You hit the orc.
You kill the orc!
You closely miss something.
You hear some strange, mumbled words.
You are confused.
You're too confused to attack without stumbling around!
There is a strange disturbance nearby!
Something barely misses you.
You're too confused to attack without stumbling around!
There is a strange disturbance nearby!
Something barely misses you.
You're too confused to attack without stumbling around!
There is a strange disturbance nearby!
You hear some strange, mumbled words.
A magic dart appears from out of thin air!
The magic dart hits you!
You're too confused to attack without stumbling around!
There is a strange disturbance nearby!
Something hits you but does no damage.
You're too confused to attack without stumbling around!
There is a strange disturbance nearby!
You feel less confused. Something hits you.
You hit something. You block something's attack.
You closely miss something. Your kick misses something.
Your peck misses something. Something hits you.
You die...

.. .. ### ##.### #<#
..... #.#
#########?... #.#
#.........^### #.#
#.......){)..### #.#
#.......)@....(## #.#
#...............)
#.###......(.......##
#...'%.....(.....###
#####..........###
##########..... .....
...... ......


There were no monsters in sight!

Vanquished Creatures
  A black bear (D:4)
  An orc priest (D:4)
  5 adders
  2 dart slugs
  4 orcs
  7 endoplasms
  3 giant cockroaches
  7 goblins
  5 hobgoblins
  4 jackals (D:1)
  6 kobolds
  A quokka (D:2)
  5 ball pythons
  7 bats
  7 frilled lizards (D:2)
  5 rats
70 creatures vanquished.

Notes
Turn   | Place    | Note
-------+----------+-------------------------------------------
     0 | D:1      | qw the Tengu Warper began the quest for the Orb.
     0 | D:1      | Reached XP level 1. HP: 12/12 MP: 4/4
     0 | D:1      | 0 ||| qw: Version: 0.1-a-89-g26bdef1
     0 | D:1      | 0 ||| qw: Game counter: 678
     0 | D:1      | 0 ||| qw: Always use a shield: true
     0 | D:1      | 0 ||| qw: God list: Okawaru
     0 | D:1      | 0 ||| qw: Allow faded altars: false
     0 | D:1      | 0 ||| qw: Do Orc after D:15 true
     0 | D:1      | 0 ||| qw: Do second Lair branch before Depths: true
     0 | D:1      | 0 ||| qw: Lair rune preference: random
     0 | D:1      | 0 ||| qw: Plans: Normal
     0 | D:1      | 0 ||| PLANNING D:1-11
   244 | D:1      | Reached XP level 2. HP: 17/17 MP: 6/6
   331 | D:1      | Reached skill level 3 in Axes
   920 | D:1      | 920 ||| UPGRADING to +0 buckler.
   925 | D:1      | 925 ||| READING scroll labelled FOUPAO BOJ JOD.
   930 | D:1      | 930 ||| READING scroll labelled YQADAL DIYMMIF.
   931 | D:1      | 931 ||| READING scroll labelled XIAVAW DI WAE.
   932 | D:1      | 932 ||| DROPPING scroll of blinking.
  1175 | D:2      | 1175 ||| DROPPING +0 club.
  1230 | D:2      | 1230 ||| Stepping ~*~*~tactically~*~*~ (stealth).
  1234 | D:2      | 1234 ||| Stepping ~*~*~tactically~*~*~ (stealth).
  1236 | D:2      | Reached XP level 3. HP: 21/21 MP: 7/7
  1362 | D:2      | Reached skill level 1 in Shields
  1936 | D:2      | Reached skill level 4 in Axes
  1976 | D:2      | 1976 ||| Stepping ~*~*~tactically~*~*~ (hiding).
  2114 | D:2      | 2114 ||| Stepping ~*~*~tactically~*~*~ (hiding).
  2115 | D:2      | 2115 ||| Stepping ~*~*~tactically~*~*~ (stealth).
  2116 | D:2      | 2116 ||| Stepping ~*~*~tactically~*~*~ (stealth).
  2144 | D:2      | 2144 ||| Stepping ~*~*~tactically~*~*~ (hiding).
  2246 | D:2      | 2246 ||| Stepping ~*~*~tactically~*~*~ (hiding).
  2247 | D:2      | 2247 ||| Stepping ~*~*~tactically~*~*~ (hiding).
  2258 | D:2      | Reached XP level 4. HP: 22/26 MP: 8/8
  2624 | D:2      | 2624 ||| UPGRADING to +0 ring mail.
  2634 | D:2      | 2634 ||| DROPPING +0 leather armour.
  2635 | D:2      | 2635 ||| READING 2 scrolls labelled DEGIQIOSTRE.
  2636 | D:2      | 2636 ||| READING scroll labelled PILUMA LAORI.
  2737 | D:2      | 2737 ||| READING scroll labelled JOL NYXAREAC.
  2738 | D:2      | 2738 ||| DROPPING scroll of amnesia.
  2985 | D:3      | Reached skill level 5 in Axes
  2999 | D:3      | 2999 ||| Stepping ~*~*~tactically~*~*~ (hiding).
  3207 | D:3      | Found an ornate altar of the Wu Jian Council.
  3207 | D:3      | Found a sacrificial altar of Ru.
  3210 | D:3      | Found a blossoming altar of Fedhas.
  3267 | D:3      | Found a glowing silver altar of Zin.
  3269 | D:3      | 3269 ||| FLEEEEING.
  3270 | D:3      | 3270 ||| FLEEEEING.
  3272 | D:3      | 3272 ||| FLEEEEING.
  3273 | D:3      | 3273 ||| FLEEEEING.
  3274 | D:3      | 3274 ||| FLEEEEING.
  3275 | D:3      | 3275 ||| FLEEEEING.
  3276 | D:3      | 3276 ||| FLEEEEING.
  3277 | D:3      | 3277 ||| FLEEEEING.
  3279 | D:3      | 3279 ||| FLEEEEING.
  3280 | D:3      | 3280 ||| FLEEEEING.
  3281 | D:3      | 3281 ||| FLEEEEING.
  3287 | D:3      | 3287 ||| STAIRDANCE
  3331 | D:2      | 3331 ||| UPGRADING to +0 cloak.
  3412 | D:3      | 3412 ||| FLEEEEING.
  3413 | D:3      | 3413 ||| FLEEEEING.
  3415 | D:3      | 3415 ||| FLEEEEING.
  3416 | D:3      | 3416 ||| FLEEEEING.
  3417 | D:3      | 3417 ||| FLEEEEING.
  3427 | D:3      | 3427 ||| STAIRDANCE
  3558 | D:3      | 3558 ||| READING scroll of teleportation.
  3659 | D:3      | 3659 ||| Stepping randomly (stuck).
  3680 | D:4      | 3680 ||| PLANNING SEWER
  3699 | D:4      | Gained mutation: Your magical nature lets you fly swiftly
                  | and evasively. [Tengu growth]
  3699 | D:4      | Reached XP level 5. HP: 30/30 MP: 9/9
  3705 | D:4      | Noticed a black bear
  3715 | D:4      | Killed a black bear
  3716 | D:4      | Reached skill level 6 in Axes
  3722 | D:4      | Reached XP level 6. HP: 17/35 MP: 10/10
  3737 | D:4      | HP: 4/35 [something/magic dart (7)]
  3741 | D:4      | Slain by an orc wizard

Levels and vault maps discovered:
D:1:      tarquinn_simple_flora_water_d, layout_loops_ring
D:2:      minmay_general_purpose_star, layout_basic, minmay_lizard_pond
D:3:      layout_basic, mainiacjoe_overflow_brackets,
          nicolae_overflow_hidden_temple, gammafunk_temple_overflow_claw
D:4:      cheibrodos_barr_body, layout_basic, portal_sewer_entry_a,
          minmay_misc_feat_secret_circle, minmay_unequal, uniq_edmund

Skill      XL: |  1  2  3  4  5 |
---------------+----------------+-----
Axes           | 3 4 5 6 |  6.6
Shields        | 1 |  1.0
Fighting       | |  2.0
Throwing       | |  1.0
Armour         | |  1.1
Dodging        | |  2.1
Spellcasting   | |  2.0
Translocations | |  2.4

Action                   |  1- 3 |  4- 6 || total
-------------------------+-------+-------++-------
Melee: Hand axe          |    89 |    52 ||   141
       Peck              |    10 |    12 ||    22
       Kick              |    18 |    15 ||    33
Throw: Boomerang         |     7 |       ||     7
       Javelin           |       |    16 ||    16
  Use: Scroll            |     3 |     4 ||     7
 Stab: Distracted        |     1 |       ||     1
Armor: Leather armour    |    15 |     2 ||    17
       Ring mail         |       |    19 ||    19
Dodge: Dodged            |    30 |    31 ||    61
Block: Buckler           |     7 |     9 ||    16

Table legend:
 A = Non-vault XP
 B = Vault XP
 C = Vault XP percentage of total XP
 D = Non-vault monster count
 E = Vault monster count
 F = Vault count percentage of total count
                 A         B        C        D         E       F
            +---------+---------+-------+---------+---------+-------
      Total |     211 |     142 |  40.2 |      60 |      10 |  14.3
            +---------+---------+-------+---------+---------+-------
        D:1 |      29 |       0 |   0.0 |      16 |       0 |   0.0
        D:2 |      62 |      11 |  15.1 |      22 |       9 |  29.0
        D:3 |      50 |       0 |   0.0 |      15 |       0 |   0.0
        D:4 |      70 |     131 |  65.2 |       7 |       1 |  12.5
            +---------+---------+-------+---------+---------+-------
